 Dungeon Crawl Stone Soup version 0.13-a0-2584-g2e76cfd (webtiles) character file.

203 Kae the Ruinous (level 4, -2/24 HPs)
             Began as a Tengu Fire Elementalist on July 31, 2013.
             Killed from afar by an orc wizard (7 damage)
             ... with a puff of flame
             ... while paralysed by Grinder
             ... on Level 3 of the Dungeon.
             The game lasted 00:05:02 (2181 turns).

Kae the Ruinous (Tengu Fire Elementalist)           Turns: 2181, Time: 00:05:02

HP  -2/24        AC  3     Str  8      XL: 4   Next: 56%
MP   9/9         EV  2     Int 17      God:
Gold 113         SH  0     Dex 14      Spells:  3 memorised,  1 level left

Res.Fire  : . . .   See Invis. : .   u - +0 dagger
Res.Cold  : . . .   Warding    : .   a - +0 robe
Life Prot.: . . .   Conserve   : .   (no shield)
Res.Poison: .       Res.Corr.  : .   (helmet restricted)
Res.Elec. : .       Clarity    : .   f - +0 cloak
Sust.Abil.: . .     Spirit.Shd : .   (no gloves)
Res.Mut.  : .       Stasis     : .   (boots unavailable)
Res.Rott. : .       Flight     : .   (no amulet)
Saprovore : . . .                    (no ring)
                                     (no ring)

@: paralysed, held, slightly resistant to hostile enchantments, fairly stealthy
A: beak, talons 3
a: no special abilities


You were on level 3 of the Dungeon.
You were not hungry.

You visited 1 branch of the dungeon, and saw 3 of its levels.

You collected 93 gold pieces.

Inventory:

Hand weapons
 u - a +0,+0 dagger (weapon)
Armour
 a - a +0 robe (worn)
 f - a +0 cloak (worn)
Comestibles
 c - 4 bread rations
 n - a beef jerky
 r - 2 rotting chunks of worm flesh
Scrolls
 d - 2 scrolls of identify {unknown}
 e - a scroll of recharging {unknown}
 i - a scroll of random uselessness {unknown}
 k - 2 scrolls of noise {unknown}
 l - a scroll of blinking {unknown}
 p - a scroll of amnesia {unknown}
 q - 2 scrolls of remove curse {unknown}
Jewellery
 h - an uncursed amulet of warding {unknown}
 j - a +2 ring of strength {unknown}
 s - a cursed ring of hunger {unknown}
Potions
 g - a potion of restore abilities {unknown}
 m - a potion of paralysis {unknown}
 o - 2 potions of curing {unknown}
 t - a potion of brilliance {unknown}
 v - a potion of mutation {unknown}
Books
 b - a book of Flames

   Spells                             Type                      Level
   *Flame Tongue                      Conjuration/Fire             1
   *Throw Flame                       Conjuration/Fire             2
   *Conjure Flame                     Conjuration/Fire             3
   Inner Flame                        Hexes/Fire                   3
   Sticky Flame                       Conjuration/Fire             4
   Fireball                           Conjuration/Fire             5


   Skills:
 - Level 2.1 Dodging
 - Level 2.0 Stealth
 + Level 2.0 Spellcasting
 * Level 4.2 Conjurations
 + Level 3.8 Fire Magic


You had one spell level left.
You knew the following spells:

 Your Spells              Type           Power        Failure   Level  Hunger
a - Flame Tongue          Conj/Fire      ###..        3%          1    #......
b - Throw Flame           Conj/Fire      ###...       6%          2    ##.....
c - Conjure Flame         Conj/Fire      ###.....     12%         3    ####...


Dungeon Overview and Level Annotations

Branches:
Dungeon (3/27)

Altars:
Trog

Annotations
D:3 Grinder, Purgy


Innate Abilities, Weirdness & Mutations

You have a beak for a mouth.
You have claws for feet.


Message History

The statue is a mimic!
The inept statue mimic hits you.
The inept statue mimic barely misses you.
You hit the inept statue mimic but do no damage.
Grinder shouts!
Grinder gestures at you.
You suddenly lose the ability to move!
The inept statue mimic hits you. The inept statue mimic grabs you.
An orc wizard comes into view. It is wielding an orcish dagger.
The inept statue mimic hits you but does no damage.
An orc comes into view. It is wielding a runed orcish mace.
The orc moves out of view.
The inept statue mimic hits you.
An orc comes into view. It is wielding an orcish trident.
The inept statue mimic hits you but does no damage.
Grinder gestures at you. Pain shoots through your body!
* * * LOW HITPOINT WARNING * * *
The orc wizard casts a spell at you. The puff of flame hits you!
You die...

T. ##...##............ ##
#8...8##########... #
####...#### ### #...
<###8###8##...##8###8####...
..........................#.
.#..........8..........####.
#.....................# #.
..#8###8##...##8###8### #. .
# ####@..#### ### #. #8...8#
#. ##...## #. #...#
#########. #5..# #.......#.
8...8 +.......'.
#.o.#####.......## .o..#
#.'.......'. .##
#.#.......##


You could see Grinder, an orc wizard, an inept statue mimic and an orc
(wandering).

Vanquished Creatures
  3 adders
  2 inept feature mimics
  A giant mite (D:2)
  A worm (D:3)
  2 giant geckos
  An ooze (D:2)
  4 bats
  4 giant cockroaches
  2 goblins (D:1)
  3 hobgoblins
  A quokka (D:2)
  A ball python (D:1)
  5 giant newts
  6 kobolds
  9 rats
45 creatures vanquished.

Notes
Turn   | Place    | Note
--------------------------------------------------------------
     0 | D:1      | Kae, the Tengu Fire Elementalist, began the quest for the Orb.
     0 | D:1      | Reached XP level 1. HP: 10/10 MP: 3/3
   269 | D:1      | Reached XP level 2. HP: 12/15 MP: 1/5
   326 | D:1      | Learned a level 2 spell: Throw Flame
  1239 | D:2      | Reached XP level 3. HP: 17/19 MP: 1/6
  1657 | D:2      | Reached XP level 4. HP: 20/24 MP: 4/8
  1833 | D:3      | Reached skill level 4 in Conjurations
  1848 | D:3      | Found a bloodstained altar of Trog.
  2144 | D:3      | Noticed Purgy
  2161 | D:3      | Learned a level 3 spell: Conjure Flame
  2175 | D:3      | Noticed Grinder
  2177 | D:3      | Paralysed by Grinder for 7 turns
  2181 | D:3      | Killed from afar by an orc wizard

Action                   |  1- 3 |  4- 6 || total
-------------------------+-------+-------++-------
Melee: Unarmed           |    22 |       ||    22
       Dagger            |       |     3 ||     3
 Cast: Flame Tongue      |    51 |    26 ||    77
 Stab: Sleeping          |     2 |       ||     2
